 Dungeon Crawl Stone Soup version 0.31-a0-698-g4a7cf283bb (webtiles) character file.

Game seed: 4343039220834923507

104733 qw the Marksgargoyle (level 16, -8/110 HPs)
             Began as a Gargoyle Hunter on Sept 7, 2023.
             Was an Elder of Okawaru.
             Killed from afar by Azrael (30 damage)
             ... with damnation
             ... on level 1 of the Spider Nest.
             The game lasted 00:12:55 (21987 turns).

qw the Marksgargoyle (Gargoyle Hunter)             Turns: 21987, Time: 00:12:55

Health: -8/110     AC: 25    Str: 16    XL:     16   Next: 39%
Magic:  23/23      EV: 31    Int: 11    God:    Okawaru [****..]
Gold:   1370       SH:  0    Dex: 25    Spells: 15/15 levels left

rFire   + . .        i - +0 longbow
rCold   + . .        (shield currently unavailable)
rNeg    + . .        b - +2 leather armour "Unwios" {+Inv SInv}
rPois   inf          h - +2 helmet
rElec   +            z - scarf {rC+ rF+}
rCorr   .            (no gloves)
SInv    +            x - +2 pair of boots
Will    +....        (no amulet)
Stlth   ++++         w - +6 ring of dexterity
HPRegen 0.38/turn    v - +5 ring of evasion
MPRegen 0.18/turn

%: no passive effects
@: about to teleport, heroic, flying
A: sickness immunity, AC +12, big wings, negative energy resistance 1,
electricity resistance, torment resistance 1, petrification resistance
a: Renounce Religion, Evoke Invisibility, Heroism, Finesse


You were on level 1 of the Spider Nest.
You worshipped Okawaru.
Okawaru was greatly pleased with you.
You visited 4 branches of the dungeon, and saw 23 of its levels.
You also visited: Sewer and Gauntlet.

You collected 2449 gold pieces.
You spent 1079 gold pieces at shops.


Innate Abilities, Weirdness & Mutations

You are immune to sickness and miasma.
Your stone body is resilient. (AC +12)
You are immune to poison.
Your large and strong wings let you fly.
You resist negative energy. (rN+)
You are resistant to electric shocks. (rElec)
You are resistant to unholy torment.
You are immune to petrification.


   Skills:
 - Level 16.0(21.0) Fighting
 + Level 19.6(24.6) Ranged Weapons
 - Level 6.0(11.0) Armour
 - Level 10.5(15.5) Dodging
 - Level 1.1(6.1) Stealth
 - Level 10.1 Invocations


You had 15 spell levels left.
You didn't know any spells.
Your spell library was empty.

Inventory:

Hand Weapons
 i - a +0 longbow (weapon)
Armour
 b - the +2 leather armour "Unwios" (worn) {+Inv SInv}
   (You found it on level 4 of the Lair of Beasts)

   SInv:      It lets you see invisible.
   +Inv:      It lets you turn invisible.
 c - a +0 cloak
 e - a +0 troll leather armour {Pargi}
 f - a scarf of repulsion
 h - a +2 helmet (worn)
 m - a +0 robe of fire resistance
 x - a +2 pair of boots (worn)
 y - a +2 ring mail of cold resistance
 z - a scarf of resistance (worn)
Jewellery
 n - a ring of fire
 v - a +5 ring of evasion (right hand)
 w - a +6 ring of dexterity (left hand)
Wands
 t - a wand of digging (8)
Scrolls
 g - 7 scrolls of identify
 l - a scroll of teleportation
 s - 2 scrolls of enchant armour
Potions
 a - 2 potions of curing
 d - 4 potions of magic
 j - 3 potions of cancellation
 k - 3 potions of resistance
 p - a potion of haste
 q - 4 potions of enlightenment
 r - 2 potions of mutation
 u - a potion of might

Dungeon Overview and Level Annotations

Branches:
Dungeon (15/15)            Temple (0/1) D:6            Lair (5/5) D:11
  Swamp (0/4) Lair:2       Spider (1/4) Lair:2        Slime (0/5) Lair:5
    Orc (2/2) D:9             Elf (0/3) Orc:2        Vaults (0/5) D:14
 Depths (0/4) D:15          Sewer (visited)         Gauntlet (visited)

Altars:
Cheibriados
Dithmenos
Fedhas
Hepliaklqana
Kikubaaqudgha
Okawaru
Ru
Uskayaw
Xom

Shops:
D:1 !   D:6 *   D:15 (   Orc:2 ?[*(

Portals:
Abyss: Lair:1

Annotations:
D:4 Pikel
D:14 4 transporters
D:15 1 runed translucent door, Ruat's ghost, adept DECj
Lair:1 2 transporters, qw's ghost, novice MiHs
Lair:2 exclusion: 4 lindwurms
Spider:1 Azrael


Message History

The jumping spider misses you. The jumping spider closely misses you.
The jumping spider completely misses you.
The jumping spider bites you but does no damage.
You shoot an arrow.
The arrow barely misses the jumping spider.
The jumping spider closely misses you.
The jumping spider completely misses you. x3
You shoot an arrow. The arrow hits the jumping spider!
The jumping spider is severely wounded.
The jumping spider barely misses you.
The jumping spider completely misses you. x2
The jumping spider misses you.
You shoot an arrow. The arrow hits the jumping spider!!
You kill the jumping spider!
Okawaru accepts your kill. The jumping spider closely misses you.
The jumping spider barely misses you.
You shoot an arrow.
The arrow closely misses the jumping spider.
Your surroundings suddenly seem different.
A hell hound and a fire elemental come into view.
Found 20 gold pieces.
Found a stone staircase leading down.
The hell hound is caught in a web!
21985 ||| READING 2 scrolls of teleportation.
As you read the scroll of teleportation, it crumbles to dust.
You feel strangely unstable.
The demonic crawler is engulfed in blazing flames.
The hell hound pulls away from the web.
You shoot an arrow. The hell hound barks!
The tarantella's many legs skitter faintly.
The arrow hits the hell hound!!
The hell hound is almost dead.
The tarantella is engulfed in blazing flames. x2
You shoot an arrow. The arrow hits the hell hound!!
You kill the hell hound!
Okawaru accepts your kill.
The tarantella is engulfed in blazing flames.
Azrael gestures at you.
The sphere of damnation explodes!
The damnation engulfs you!!
You die...

....#......##
........#^##
. # .......##
.. ........#
... ....##...
.>.$ #...
##.. .....
#.....###
.......@#
.^.....%#
..##...Es
#....E0.
#.#...0hsR #
....hs0.#
#....E0.^.
##....h0.0.
#..#...0#


You could see Azrael, a demonic crawler, 3 fire elementals, a tarantella, 3 hell
hounds and a redback.

Vanquished Creatures
  Frances (D:14)
  A minotaur (Gauntlet)
  Fannar (D:10)
  4 vault guards (D:14)
  2 hydras
  A rakshasa (D:15)
  2 ogre magi
  6 centaur warriors
  7 two-headed ogres
  Erica (D:10)
  An anaconda (Lair:5)
  3 boulder beetles
  A catoblepas (Lair:2)
  A tengu warrior (D:15)
  10 death yaks (Lair:5)
  A demonic crawler (Spider:1)
  3 orc high priests (Orc:2)
  14 spriggans (Lair:5)
  Urug (D:10)
  Nergalle (Orc:1)
  2 skysharks (Lair:5)
  5 skeletal warriors (D:15)
  2 deep elf archers (D:14)
  2 bog bodies (Lair:2)
  5 lindwurms
  A wizard (D:14)
  A glowing orange brain (D:15)
  6 orc knights
  3 deep elf pyromancers
  4 orc sorcerers (Orc:2)
  13 ugly things
  A wolf spider (Lair:5)
  3 cyclopes
  5 elephants (Lair:4)
  3 manticores
  A water nymph (shapeshifter) (D:15)
  3 black mambas
  A torpor snail (Lair:5)
  An eye of devastation (Gauntlet)
  Maggie (Lair:1)
  4 gargoyles
  13 cane toads
  Jeremiah (D:6)
  3 kobold demonologists
  5 komodo dragons
  6 rime drakes
  A tengu conjurer (D:15)
  3 unseen horrors
  7 trolls
  4 meliai
  A burning bush (Lair:1)
  7 hornets
  6 polar bears
  Grinder (D:4)
  8 dream sheep
  13 blink frogs
  10 slime creatures
  A jumping spider (Spider:1)
  4 shadows
  Eustachio (D:4)
  8 wyverns
  4 wraiths
  40 yaks
  3 water elementals (D:13)
  2 hogs (D:9)
  A golden eye (Gauntlet)
  A human (D:9)
  9 basilisks
  A steam dragon (D:9)
  2 redbacks (Spider:1)
  Grum (D:8)
  10 vampire mosquitoes
  Edmund (D:5)
  2 wargs
  Menkaure (D:4)
  A hell hound (Spider:1)
  Duvessa (D:4)
  An acid dragon (D:12)
  Pargi (Sewer)
  12 water moccasins
  7 black bears
  18 orc warriors
  An ice beast (D:7)
  3 sky beasts
  3 boggarts (Lair:5)
  34 wolves
  6 ogres
  10 centaurs
  3 lemures (D:4)
  6 kobold brigands
  5 phantoms
  2 gnoll sergeants (D:9)
  15 bullfrogs
  A water moccasin zombie (D:4)
  2 scorpions
  4 wights (D:9)
  Dowan (D:4)
  14 killer bees
  10 howler monkeys
  4 electric eels (D:13)
  3 hounds
  14 orc priests
  A gnoll bouda (D:6)
  15 jellies
  4 iguanas
  Ijyb (D:4)
  17 orc wizards
  2 scorpion zombies (D:4)
  Natasha (twice) (D:3)
  3 hound zombies (D:4)
  A hound skeleton (D:4)
  Robin (D:2)
  9 gnolls
  11 adders
  3 river rats
  2 white imps
  2 ufetubi
  An adder skeleton (D:4)
  2 worms
  2 dart slugs
  57 orcs
  5 bats
  8 endoplasms
  A giant cockroach (D:1)
  9 goblins
  20 hobgoblins
  9 jackals
  3 quokkas
  10 ball pythons
  4 frilled lizards
  14 kobolds
  5 rats
716 creatures vanquished.

Vanquished Creatures (others)
  4 kobolds (D:13)
4 creatures vanquished.

Grand Total: 720 creatures vanquished

Notes
Turn   | Place    | Note
-------+----------+-------------------------------------------
     0 | D:1      | qw the Gargoyle Hunter began the quest for the Orb.
     0 | D:1      | Reached XP level 1. HP: 12/12 MP: 1/1
     0 | D:1      | 0 ||| qw: Version: 0.3-a-76-g4403597
     0 | D:1      | 0 ||| qw: Game counter: 391
     0 | D:1      | 0 ||| qw: Melee chars always use a shield: true
     0 | D:1      | 0 ||| qw: God list: Okawaru
     0 | D:1      | 0 ||| qw: Allow faded altars: false
     0 | D:1      | 0 ||| qw: Do Orc after clearing Dungeon:15 true
     0 | D:1      | 0 ||| qw: Do second Lair branch before Depths: true
     0 | D:1      | 0 ||| qw: Lair rune preference: random
     0 | D:1      | 0 ||| qw: Goals: Normal
     0 | D:1      | 0 ||| PLANNING D:1-11
    64 | D:1      | Reached XP level 2. HP: 17/17 MP: 2/2
   112 | D:1      | Found Maufyb's Distillery.
   132 | D:1      | 132 ||| SHOPLISTING potion of haste (100 gold, have 23).
   132 | D:1      | 132 ||| SHOPLISTING potion of might (40 gold, have 23).
   560 | D:1      | Reached XP level 3. HP: 16/21 MP: 3/3
   587 | D:1      | Found a faded altar of an unknown god.
   604 | D:1      | Reached skill level 5 in Ranged Weapons
   620 | D:1      | 620 ||| UPGRADING to +0 ring mail.
   630 | D:1      | 630 ||| DROPPING +0 leather armour.
   631 | D:1      | 631 ||| UPGRADING to amulet of guardian spirit.
   636 | D:1      | 636 ||| READING scroll labelled BIEWNE SEZILEK.
   637 | D:1      | 637 ||| DROPPING scroll of butterflies.
   753 | D:2      | Reached skill level 1 in Armour
   994 | D:2      | Noticed Robin
  1001 | D:2      | Reached XP level 4. HP: 22/27 MP: 4/4
  1007 | D:2      | Reached skill level 3 in Fighting
  1011 | D:2      | Killed Robin
  1019 | D:2      | HP: 7/28 [goblin/+0 club[Robin] (3)]
  1025 | D:2      | HP: 4/28 [goblin/+0 club[Robin] (1)]
  1460 | D:2      | 1460 ||| UPGRADING to +0 helmet.
  1465 | D:2      | 1465 ||| READING scroll labelled TIAL IPI GEN.
  1466 | D:2      | 1466 ||| DRINKING 3 red potions.
  1467 | D:2      | 1467 ||| READING 3 scrolls of identify.
  1467 | D:2      | 1467 ||| IDENTIFYING sapphire potion
  1468 | D:2      | 1468 ||| READING 2 scrolls of identify.
  1468 | D:2      | 1468 ||| IDENTIFYING grey potion
  1469 | D:2      | 1469 ||| DROPPING potion of invisibility.
  1470 | D:2      | 1470 ||| DROPPING potion of brilliance.
  1523 | D:3      | 1523 ||| Stepping ~*~*~tactically~*~*~ (retreating).
  1525 | D:3      | 1525 ||| Stepping ~*~*~tactically~*~*~ (retreating).
  1526 | D:3      | 1526 ||| Stepping ~*~*~tactically~*~*~ (retreating).
  1530 | D:3      | Reached XP level 5. HP: 32/32 MP: 5/5
  1561 | D:3      | Found a shadowy altar of Dithmenos.
  1674 | D:3      | Noticed Natasha
  1675 | D:3      | 1675 ||| UPGRADING to +0 cloak.
  1685 | D:3      | Killed Natasha
  1686 | D:3      | Reached skill level 6 in Ranged Weapons
  1805 | D:3      | Found an iron altar of Okawaru.
  1806 | D:3      | 1806 ||| PLANNING OKAWARU WORSHIP
  1806 | D:3      | 1806 ||| READING scroll labelled JYT WICUIPIH.
  1807 | D:3      | 1807 ||| READING scroll labelled ZAKHLEE AZUISAI.
  1893 | D:3      | Became a worshipper of Warmaster Okawaru
  1894 | D:3      | 1894 ||| PLANNING D:1-11
  1894 | D:3      | 1894 ||| REMOVING amulet of guardian spirit.
  2247 | D:3      | 2247 ||| DROPPING amulet of guardian spirit.
  2248 | D:3      | 2248 ||| UPGRADING to +5 ring of evasion.
  2249 | D:3      | 2249 ||| READING scroll labelled QALETU ZAHAS.
  2316 | D:3      | Noticed a kobold brigand
  2338 | D:3      | Killed a kobold brigand
  2338 | D:3      | HP: 7/33 [hobgoblin/+0 club (3)]
  2339 | D:3      | Reached XP level 6. HP: 8/39 MP: 6/6
  2404 | D:3      | 2404 ||| FLEEEEING.
  2405 | D:3      | 2405 ||| FLEEEEING.
  2406 | D:3      | 2406 ||| FLEEEEING.
  2407 | D:3      | 2407 ||| FLEEEEING.
  2408 | D:3      | 2408 ||| FLEEEEING.
  2409 | D:3      | 2409 ||| FLEEEEING.
  2410 | D:3      | 2410 ||| FLEEEEING.
  2561 | D:3      | Noticed Natasha
  2569 | D:3      | Killed Natasha
  2987 | D:3      | 2987 ||| READING scroll labelled SECOZY TOFOGRA.
  2988 | D:3      | 2988 ||| READING scroll labelled MUAMOF KOITZU.
  2989 | D:3      | 2989 ||| READING scroll labelled BOTUR ZEKK.
  3020 | D:4      | 3020 ||| PLANNING SEWER
  3047 | D:4      | 3047 ||| RETREATING.
  3052 | D:4      | Noticed Pikel
  3053 | D:4      | 3053 ||| Stepping ~*~*~tactically~*~*~ (retreating).
  3054 | D:4      | 3054 ||| Stepping ~*~*~tactically~*~*~ (retreating).
  3055 | D:4      | 3055 ||| Stepping ~*~*~tactically~*~*~ (retreating).
  3056 | D:4      | 3056 ||| Stepping ~*~*~tactically~*~*~ (retreating).
  3057 | D:4      | 3057 ||| Stepping ~*~*~tactically~*~*~ (retreating).
  3069 | D:4      | 3069 ||| Stepping ~*~*~tactically~*~*~ (retreating).
  3070 | D:4      | 3070 ||| Stepping ~*~*~tactically~*~*~ (retreating).
  3071 | D:4      | 3071 ||| Stepping ~*~*~tactically~*~*~ (retreating).
  3072 | D:4      | 3072 ||| Stepping ~*~*~tactically~*~*~ (retreating).
  3103 | D:4      | Reached * piety under Okawaru
  3104 | D:4      | Reached skill level 7 in Ranged Weapons
  3104 | D:4      | Reached XP level 7. HP: 11/44 MP: 7/7
  3104 | D:4      | 3104 ||| INVOKING Heroism.
  3104 | D:4      | HP: 8/44 [lemure[Pikel] (3)]
  3153 | D:4      | 3153 ||| FLEEEEING.
  3154 | D:4      | 3154 ||| FLEEEEING.
  3155 | D:4      | 3155 ||| FLEEEEING.
  3164 | D:4      | 3164 ||| STAIRDANCE
  3266 | D:4      | Found a snail-covered altar of Cheibriados.
  3344 | D:4      | Found a glowing drain.
  3345 | D:4      | 3345 ||| DROPPING amulet of magic regeneration.
  3351 | Sewer    | Entered a sewer
  3358 | Sewer    | 3358 ||| Stepping ~*~*~tactically~*~*~ (water).
  3387 | Sewer    | Noticed Pargi
  3412 | Sewer    | Killed Pargi
  3524 | Sewer    | 3524 ||| READING scroll of enchant armour.
  3524 | Sewer    | 3524 ||| ENCHANTING +0 helmet.
  3525 | Sewer    | 3525 ||| UPGRADING to +0 troll leather armour {Pargi}.
  3535 | Sewer    | 3535 ||| DROPPING +0 ring mail.
  3536 | Sewer    | 3536 ||| DRINKING 2 lumpy coppery potions.
  3537 | Sewer    | 3537 ||| DRINKING 2 fizzy silvery potions.
  3554 | D:4      | 3554 ||| PLANNING D:1-11
  3677 | D:4      | Noticed Eustachio
  3681 | D:4      | Noticed Menkaure
  3682 | D:4      | 3682 ||| RETREATING.
  3686 | D:4      | 3686 ||| Stepping ~*~*~tactically~*~*~ (retreating).
  3687 | D:4      | 3687 ||| INVOKING Heroism.
  3692 | D:4      | Reached skill level 1 in Invocations
  3701 | D:4      | 3701 ||| INVOKING Heroism.
  3707 | D:4      | Killed Eustachio
  3708 | D:4      | Reached XP level 8. HP: 48/48 MP: 5/10
  3767 | D:4      | Noticed Dowan
  3768 | D:4      | 3768 ||| INVOKING Heroism.
  3768 | D:4      | Noticed Duvessa
  3783 | D:4      | Killed Dowan
  3784 | D:4      | Reached skill level 8 in Ranged Weapons
  3784 | D:4      | Reached skill level 3 in Invocations
  3788 | D:4      | 3788 ||| INVOKING Heroism.
  3799 | D:4      | Killed Duvessa
  3919 | D:4      | Noticed Ijyb
  3919 | D:4      | 3919 ||| INVOKING Heroism.
  3940 | D:4      | 3940 ||| INVOKING Heroism.
  3951 | D:4      | Paralysed by Ijyb for 3 turns
  3956 | D:4      | Killed Ijyb
  4042 | D:4      | 4042 ||| INVOKING Heroism.
  4057 | D:4      | Killed Menkaure
  4058 | D:4      | Reached skill level 9 in Ranged Weapons
  4231 | D:4      | Noticed Grinder
  4232 | D:4      | 4232 ||| INVOKING Heroism.
  4245 | D:4      | Killed Grinder
  4246 | D:4      | Reached skill level 6 in Fighting
  4385 | D:4      | 4385 ||| INVOKING Heroism.
  4410 | D:4      | 4410 ||| UPGRADING to ring of resist corrosion.
  4411 | D:4      | 4411 ||| READING scroll labelled BEOZXO LAKHLI CUU.
  4412 | D:4      | 4412 ||| READING scroll labelled GUISIE AFOISY.
  4413 | D:4      | 4413 ||| READING 3 scrolls of identify.
  4413 | D:4      | 4413 ||| IDENTIFYING murky coppery potion
  4414 | D:4      | 4414 ||| READING 2 scrolls of identify.
  4414 | D:4      | 4414 ||| IDENTIFYING fizzy ruby potion
  4415 | D:4      | 4415 ||| DROPPING potion of berserk rage.
  4472 | D:5      | Entered Level 5 of the Dungeon
  4487 | D:5      | Reached XP level 9. HP: 56/56 MP: 12/12
  4517 | D:5      | Found a shimmering altar of Xom.
  4536 | D:5      | 4536 ||| INVOKING Heroism.
  4630 | D:5      | 4630 ||| INVOKING Heroism.
  4669 | D:5      | 4669 ||| INVOKING Heroism.
  4675 | D:5      | Reached skill level 10 in Ranged Weapons
  4808 | D:5      | Noticed Edmund
  4825 | D:5      | Killed Edmund
  5044 | D:5      | Found a blossoming altar of Fedhas.
  5051 | D:5      | Reached skill level 3 in Dodging
  5146 | D:5      | 5146 ||| READING scroll labelled BUXTUGIFI.
  5146 | D:5      | Identified a scroll of acquirement
  5146 | D:5      | 5146 ||| ACQUIRING +0 heavy orcbow
  5146 | D:5      | Acquired a +0 heavy orcbow
  5148 | D:5      | 5148 ||| SWAPPING to +0 heavy orcbow.
  5149 | D:5      | 5149 ||| DROPPING +1 shortbow.
  5150 | D:5      | 5150 ||| READING scroll labelled WURICAITHA.
  5161 | D:5      | 5161 ||| READING scroll labelled COEB BUPSEIXKO.
  5267 | D:6      | Found a staircase to the Ecumenical Temple.
  5424 | D:6      | Found a hazy altar of Hepliaklqana.
  5521 | D:6      | Found Ingun's Gadget Gallery.
  5776 | D:6      | 5776 ||| INVOKING Heroism.
  5778 | D:6      | 5778 ||| Stepping ~*~*~tactically~*~*~ (retreating).
  5779 | D:6      | 5779 ||| Stepping ~*~*~tactically~*~*~ (retreating).
  5911 | D:6      | Noticed Jeremiah
  5923 | D:6      | 5923 ||| DROPPING +6 ring of intelligence.
  5929 | D:6      | 5929 ||| INVOKING Heroism.
  5942 | D:6      | 5942 ||| INVOKING Heroism.
  5943 | D:6      | HP: 11/57 [Jeremiah/divine providence (14)]
  5944 | D:6      | 5944 ||| READING 4 scrolls of teleportation.
  6056 | D:6      | Reached skill level 11 in Ranged Weapons
  6215 | D:6      | Killed Jeremiah
  6621 | D:7      | Reached XP level 10. HP: 52/64 MP: 13/13
  6768 | D:7      | Found an ancient bone altar of Kikubaaqudgha.
  7478 | D:8      | 7478 ||| INVOKING Heroism.
  7524 | D:8      | Reached skill level 12 in Ranged Weapons
  7551 | D:8      | Noticed Grum
  7551 | D:8      | 7551 ||| INVOKING Heroism.
  7553 | D:8      | 7553 ||| RETREATING.
  7558 | D:8      | Killed Grum
  7917 | D:8      | 7917 ||| READING 4 scrolls of identify.
  7917 | D:8      | 7917 ||| IDENTIFYING coppery potion
  7918 | D:8      | 7918 ||| READING 3 scrolls of identify.
  7918 | D:8      | 7918 ||| IDENTIFYING brown potion
  7919 | D:8      | 7919 ||| READING 2 scrolls of identify.
  7919 | D:8      | 7919 ||| IDENTIFYING lumpy yellow potion
  8031 | D:9      | 8031 ||| INVOKING Heroism.
  8057 | D:9      | 8057 ||| INVOKING Heroism.
  8109 | D:9      | 8109 ||| INVOKING Heroism.
  8363 | D:9      | Found a staircase to the Orcish Mines.
  8445 | D:9      | Reached skill level 13 in Ranged Weapons
  8559 | D:9      | 8559 ||| Stepping ~*~*~tactically~*~*~ (outnumbered).
  8567 | D:9      | Reached ** piety under Okawaru
  8597 | D:9      | Reached skill level 9 in Fighting
  8671 | D:9      | 8671 ||| STAIRDANCE
  8682 | D:9      | 8682 ||| STAIRDANCE
  8686 | D:8      | Reached skill level 3 in Armour
  8719 | D:9      | 8719 ||| RETREATING.
  8723 | D:9      | Reached XP level 11. HP: 71/71 MP: 14/14
  8726 | D:9      | 8726 ||| Stepping ~*~*~tactically~*~*~ (retreating).
  8766 | D:9      | Reached *** piety under Okawaru
  8799 | D:10     | Entered Level 10 of the Dungeon
  8799 | D:10     | Noticed Urug
  8800 | D:10     | 8800 ||| INVOKING Heroism.
  8812 | D:10     | Killed Urug
  8812 | D:10     | Received a gift from Okawaru
  8861 | D:10     | Found a sacrificial altar of Ru.
  8889 | D:10     | Noticed a two-headed ogre
  8890 | D:10     | 8890 ||| INVOKING Heroism.
  8894 | D:10     | Killed a two-headed ogre
  8895 | D:10     | Reached skill level 14 in Ranged Weapons
  8919 | D:10     | Noticed Fannar
  8934 | D:10     | 8934 ||| INVOKING Heroism.
  8945 | D:10     | Killed Fannar
  8963 | D:10     | 8963 ||| INVOKING Heroism.
  8995 | D:10     | 8995 ||| INVOKING Heroism.
  9137 | D:10     | Noticed Erica
  9138 | D:10     | 9138 ||| INVOKING Heroism.
  9142 | D:10     | 9142 ||| DRINKING 5 potions of curing.
  9142 | D:10     | 9142 ||| (to cure confusion)
  9146 | D:10     | Killed Erica
  9169 | D:10     | 9169 ||| READING scroll labelled MATACL WEAZIMN.
  9170 | D:10     | 9170 ||| DRINKING 2 emerald potions.
  9197 | D:11     | 9197 ||| STAIRDANCE
  9203 | D:11     | 9203 ||| STAIRDANCE
  9259 | D:11     | Reached **** piety under Okawaru
  9311 | D:11     | 9311 ||| INVOKING Heroism.
  9399 | D:11     | 9399 ||| RETREATING.
  9403 | D:11     | 9403 ||| Stepping ~*~*~tactically~*~*~ (retreating).
  9404 | D:11     | 9404 ||| Stepping ~*~*~tactically~*~*~ (retreating).
  9422 | D:11     | Reached skill level 15 in Ranged Weapons
  9432 | D:11     | 9432 ||| RETREATING.
  9433 | D:11     | 9433 ||| Stepping ~*~*~tactically~*~*~ (retreating).
  9452 | D:11     | 9452 ||| Stepping ~*~*~tactically~*~*~ (retreating).
  9456 | D:11     | Reached ***** piety under Okawaru
  9458 | D:11     | Reached XP level 12. HP: 66/77 MP: 14/16
  9549 | D:11     | 9549 ||| INVOKING Heroism.
  9670 | D:11     | 9670 ||| Stepping ~*~*~tactically~*~*~ (retreating).
  9674 | D:11     | Reached skill level 6 in Invocations
 10105 | D:11     | Found a staircase to the Lair.
 10233 | D:11     | Found a hide-covered altar of Uskayaw.
 10253 | D:11     | 10253 ||| PLANNING LAIR
 10253 | D:11     | 10253 ||| UPGRADING to +6 ring of strength.
 10255 | D:11     | 10255 ||| DROPPING ring of resist corrosion.
 10256 | D:11     | 10256 ||| READING scroll labelled UWNOUH PEDUN.
 10275 | Lair:1   | Entered Level 1 of the Lair of Beasts
 10280 | Lair:1   | 10280 ||| STAIRDANCE
 10317 | Lair:1   | Noticed Maggie
 10334 | Lair:1   | Killed Maggie
 10524 | Lair:1   | Found a transporter.
 10531 | Lair:1   | Found a transporter.
 10544 | Lair:1   | 10544 ||| INVOKING Heroism.
 10582 | Lair:1   | Found a one-way gate to the infinite horrors of the Abyss.
 10582 | Lair:1   | Noticed qw's ghost (novice MiHs)
 10585 | Lair:1   | Noticed a thrashing horror
 10647 | Lair:1   | 10647 ||| INVOKING Heroism.
 10670 | Lair:1   | 10670 ||| RETREATING.
 10671 | Lair:1   | 10671 ||| INVOKING Heroism.
 10673 | Lair:1   | 10673 ||| Stepping ~*~*~tactically~*~*~ (retreating).
 10674 | Lair:1   | 10674 ||| Stepping ~*~*~tactically~*~*~ (retreating).
 10676 | Lair:1   | 10676 ||| Stepping ~*~*~tactically~*~*~ (retreating).
 10677 | Lair:1   | 10677 ||| Stepping ~*~*~tactically~*~*~ (retreating).
 11094 | Lair:2   | Found a hole to the Spider Nest.
 11095 | Lair:2   | 11095 ||| INVOKING Heroism.
 11166 | Lair:2   | 11166 ||| RETREATING.
 11189 | Lair:2   | 11189 ||| INVOKING Heroism.
 11234 | Lair:2   | Identified the scarf of the Beggar {harm, rElec rN+}
                  | (Okawaru gifted it to you on level 2 of the Lair of Beasts)
 11234 | Lair:2   | Received a gift from Okawaru
 11416 | Lair:2   | Noticed a catoblepas
 11417 | Lair:2   | 11417 ||| INVOKING Heroism.
 11418 | Lair:2   | 11418 ||| INVOKING Finesse.
 11427 | Lair:2   | Killed a catoblepas
 11428 | Lair:2   | Reached skill level 16 in Ranged Weapons
 11428 | Lair:2   | Reached skill level 9 in Invocations
 11630 | Lair:2   | 11630 ||| INVOKING Heroism.
 11754 | Lair:2   | Found a staircase to the Swamp.
 12039 | Lair:2   | 12039 ||| INVOKING Heroism.
 12051 | Lair:2   | 12051 ||| DROPPING scarf of the Beggar {harm, rElec rN+}.
 12091 | Lair:2   | 12091 ||| INVOKING Heroism.
 12111 | Lair:2   | 12111 ||| DROPPING ring of positive energy.
 12121 | Lair:2   | Reached XP level 13. HP: 83/83 MP: 20/20
 12155 | Lair:3   | 12155 ||| PLANNING GAUNTLET
 12164 | Lair:3   | 12164 ||| INVOKING Heroism.
 12277 | Lair:3   | Found a gate leading to a gauntlet.
 12289 | Gauntlet | Entered a Gauntlet
 12289 | Gauntlet | Found a transporter.
 12297 | Gauntlet | Found a runed translucent door.
 12300 | Gauntlet | Found a transporter.
 12301 | Gauntlet | Found a transporter.
 12302 | Gauntlet | Found a transporter.
 12310 | Gauntlet | Found a transporter.
 12313 | Gauntlet | Found a transporter.
 12314 | Gauntlet | Found a transporter.
 12326 | Gauntlet | Found a transporter.
 12327 | Gauntlet | Found a transporter.
 12328 | Gauntlet | Noticed a dire elephant
 12331 | Gauntlet | Found a runed translucent door.
 12331 | Gauntlet | Found a transporter.
 12335 | Gauntlet | Found a transporter.
 12338 | Gauntlet | Found a runed translucent door.
 12339 | Gauntlet | Found a transporter.
 12340 | Gauntlet | Found a transporter.
 12348 | Gauntlet | Found a transporter.
 12437 | Gauntlet | 12437 ||| DRINKING 7 potions of curing.
 12437 | Gauntlet | 12437 ||| (to cure confusion)
 12440 | Gauntlet | 12440 ||| DRINKING 6 potions of curing.
 12440 | Gauntlet | 12440 ||| (to cure confusion)
 12441 | Gauntlet | 12441 ||| INVOKING Heroism.
 12484 | Gauntlet | 12484 ||| UPGRADING to scarf of repulsion.
 12508 | Gauntlet | Noticed a minotaur
 12509 | Gauntlet | 12509 ||| INVOKING Heroism.
 12526 | Gauntlet | Killed a minotaur
 12583 | Lair:3   | 12583 ||| PLANNING LAIR
 12598 | Lair:3   | 12598 ||| Stepping ~*~*~tactically~*~*~ (retreating).
 12600 | Lair:3   | 12600 ||| Stepping ~*~*~tactically~*~*~ (retreating).
 12601 | Lair:3   | 12601 ||| Stepping ~*~*~tactically~*~*~ (retreating).
 12602 | Lair:3   | 12602 ||| Stepping ~*~*~tactically~*~*~ (retreating).
 12604 | Lair:3   | 12604 ||| Stepping ~*~*~tactically~*~*~ (retreating).
 12606 | Lair:3   | Reached skill level 6 in Dodging
 12724 | Lair:3   | 12724 ||| READING scroll of enchant armour.
 12724 | Lair:3   | 12724 ||| ENCHANTING +1 helmet.
 12746 | Lair:3   | 12746 ||| RETREATING.
 12808 | Lair:3   | 12808 ||| RETREATING.
 12869 | Lair:3   | 12869 ||| INVOKING Heroism.
 12896 | Lair:3   | Reached skill level 12 in Fighting
 12912 | Lair:3   | 12912 ||| RETREATING.
 12918 | Lair:3   | 12918 ||| Stepping ~*~*~tactically~*~*~ (retreating).
 12919 | Lair:3   | 12919 ||| Stepping ~*~*~tactically~*~*~ (retreating).
 12921 | Lair:3   | 12921 ||| Stepping ~*~*~tactically~*~*~ (retreating).
 12922 | Lair:3   | 12922 ||| Stepping ~*~*~tactically~*~*~ (retreating).
 12960 | Lair:3   | 12960 ||| INVOKING Heroism.
 13274 | Lair:3   | 13274 ||| DROPPING ring of ice.
 13275 | Lair:3   | 13275 ||| UPGRADING to +6 ring of dexterity.
 13277 | Lair:3   | 13277 ||| UPGRADING to +5 ring of evasion.
 13279 | Lair:3   | 13279 ||| DROPPING +6 ring of strength.
 13280 | Lair:3   | 13280 ||| READING 2 scrolls of identify.
 13280 | Lair:3   | 13280 ||| IDENTIFYING viscous emerald potion
 13281 | Lair:3   | 13281 ||| DROPPING potion of ambrosia.
 13476 | Lair:4   | Identified the +2 leather armour "Unwios" {+Inv SInv}
 13523 | Lair:4   | 13523 ||| RETREATING.
 13779 | Lair:4   | 13779 ||| INVOKING Heroism.
 13855 | Lair:4   | 13855 ||| INVOKING Heroism.
 14057 | Lair:4   | 14057 ||| RETREATING.
 14172 | Lair:4   | 14172 ||| UPGRADING to +2 leather armour "Unwios" {+Inv
                  | SInv}.
 14182 | Lair:4   | 14182 ||| READING 3 scrolls of identify.
 14182 | Lair:4   | 14182 ||| IDENTIFYING cyan potion
 14183 | Lair:4   | 14183 ||| READING 2 scrolls of identify.
 14183 | Lair:4   | 14183 ||| IDENTIFYING yellow potion
 14184 | Lair:4   | 14184 ||| DROPPING potion of attraction.
 14196 | Lair:5   | Entered Level 5 of the Lair of Beasts
 14214 | Lair:5   | 14214 ||| RETREATING.
 14226 | Lair:5   | 14226 ||| INVOKING Heroism.
 14270 | Lair:5   | 14270 ||| Stepping ~*~*~tactically~*~*~ (outnumbered).
 14272 | Lair:5   | 14272 ||| Stepping ~*~*~tactically~*~*~ (outnumbered).
 14274 | Lair:5   | 14274 ||| Stepping ~*~*~tactically~*~*~ (outnumbered).
 14276 | Lair:5   | 14276 ||| Stepping ~*~*~tactically~*~*~ (outnumbered).
 14347 | Lair:5   | 14347 ||| RETREATING.
 14352 | Lair:5   | 14352 ||| Stepping ~*~*~tactically~*~*~ (retreating).
 14353 | Lair:5   | 14353 ||| Stepping ~*~*~tactically~*~*~ (retreating).
 14354 | Lair:5   | 14354 ||| INVOKING Heroism.
 14378 | Lair:5   | 14378 ||| INVOKING Heroism.
 14379 | Lair:5   | 14379 ||| INVOKING Finesse.
 14384 | Lair:5   | Gained mutation: Your large and strong wings let you fly.
                  | [Gargoyle growth]
 14384 | Lair:5   | Reached XP level 14. HP: 48/94 MP: 13/21
 14404 | Lair:5   | Received a gift from Okawaru
 14405 | Lair:5   | Reached skill level 9 in Dodging
 14405 | Lair:5   | 14405 ||| INVOKING Heroism.
 14437 | Lair:5   | HP: 18/94 [blink frog (10)]
 14438 | Lair:5   | 14438 ||| READING 5 scrolls of teleportation.
 14439 | Lair:5   | 14439 ||| DRINKING 2 potions of heal wounds.
 14462 | Lair:5   | 14462 ||| INVOKING Heroism.
 14489 | Lair:5   | 14489 ||| INVOKING Heroism.
 14550 | Lair:5   | 14550 ||| FLEEEEING.
 14603 | Lair:5   | 14603 ||| INVOKING Heroism.
 14613 | Lair:5   | 14613 ||| Stepping ~*~*~tactically~*~*~ (retreating).
 14614 | Lair:5   | 14614 ||| Stepping ~*~*~tactically~*~*~ (retreating).
 14615 | Lair:5   | 14615 ||| Stepping ~*~*~tactically~*~*~ (retreating).
 14629 | Lair:5   | HP: 21/96 [spriggan rider/+0 spear (12)]
 14630 | Lair:5   | 14630 ||| READING 4 scrolls of teleportation.
 14631 | Lair:5   | 14631 ||| DRINKING potion of heal wounds.
 14849 | Lair:5   | 14849 ||| INVOKING Heroism.
 14964 | Lair:5   | 14964 ||| INVOKING Heroism.
 15034 | Lair:5   | 15034 ||| INVOKING Heroism.
 15038 | Lair:5   | 15038 ||| INVOKING Finesse.
 15046 | Lair:5   | 15046 ||| RETREATING.
 15049 | Lair:5   | 15049 ||| Stepping ~*~*~tactically~*~*~ (retreating).
 15050 | Lair:5   | 15050 ||| Stepping ~*~*~tactically~*~*~ (retreating).
 15051 | Lair:5   | 15051 ||| Stepping ~*~*~tactically~*~*~ (retreating).
 15052 | Lair:5   | 15052 ||| Stepping ~*~*~tactically~*~*~ (retreating).
 15054 | Lair:5   | Reached skill level 15 in Fighting
 15097 | Lair:5   | 15097 ||| RETREATING.
 15101 | Lair:5   | 15101 ||| Stepping ~*~*~tactically~*~*~ (retreating).
 15102 | Lair:5   | 15102 ||| Stepping ~*~*~tactically~*~*~ (retreating).
 15103 | Lair:5   | 15103 ||| Stepping ~*~*~tactically~*~*~ (retreating).
 15110 | Lair:5   | 15110 ||| INVOKING Heroism.
 15186 | Lair:5   | 15186 ||| INVOKING Heroism.
 15320 | Lair:5   | 15320 ||| INVOKING Heroism.
 15389 | Lair:5   | 15389 ||| INVOKING Heroism.
 15420 | Lair:5   | 15420 ||| INVOKING Finesse.
 15425 | Lair:5   | 15425 ||| Stepping ~*~*~tactically~*~*~ (retreating).
 15430 | Lair:5   | 15430 ||| Stepping ~*~*~tactically~*~*~ (retreating).
 15530 | Lair:5   | 15530 ||| INVOKING Heroism.
 15531 | Lair:5   | 15531 ||| Stepping ~*~*~tactically~*~*~ (retreating).
 15535 | Lair:5   | 15535 ||| Stepping ~*~*~tactically~*~*~ (retreating).
 15778 | Lair:5   | Found a staircase to the Slime Pits.
 15983 | Lair:5   | 15983 ||| INVOKING Heroism.
 16206 | Lair:5   | 16206 ||| PLANNING D
 16206 | Lair:5   | 16206 ||| UPGRADING to +0 pair of boots.
 16211 | Lair:5   | 16211 ||| DROPPING ring of protection from cold.
 16212 | Lair:5   | 16212 ||| READING 2 scrolls of identify.
 16212 | Lair:5   | 16212 ||| IDENTIFYING white potion
 16213 | Lair:5   | 16213 ||| DROPPING potion of lignification.
 16762 | D:12     | Reached skill level 6 in Armour
 16844 | D:12     | Reached XP level 15. HP: 103/103 MP: 22/22
 16946 | D:12     | 16946 ||| READING scroll labelled MUESHR TUPSAILINEAM.
 16972 | D:13     | 16972 ||| STAIRDANCE
 17050 | D:13     | 17050 ||| STAIRDANCE
 17153 | D:13     | 17153 ||| INVOKING Heroism.
 17212 | D:13     | 17212 ||| Stepping ~*~*~tactically~*~*~ (retreating).
 17213 | D:13     | 17213 ||| Stepping ~*~*~tactically~*~*~ (retreating).
 17214 | D:13     | 17214 ||| Stepping ~*~*~tactically~*~*~ (retreating).
 17215 | D:13     | 17215 ||| Stepping ~*~*~tactically~*~*~ (retreating).
 17228 | D:13     | 17228 ||| INVOKING Heroism.
 17702 | D:13     | Received a gift from Okawaru
 17704 | D:13     | 17704 ||| INVOKING Heroism.
 17791 | D:13     | 17791 ||| SWAPPING to +0 arbalest of freezing.
 17792 | D:13     | 17792 ||| DROPPING +0 heavy orcbow.
 17956 | D:14     | 17956 ||| Stepping ~*~*~tactically~*~*~ (outnumbered).
 17957 | D:14     | 17957 ||| Stepping ~*~*~tactically~*~*~ (outnumbered).
 17967 | D:14     | Noticed Frances
 17968 | D:14     | 17968 ||| INVOKING Heroism.
 17969 | D:14     | 17969 ||| INVOKING Finesse.
 17975 | D:14     | 17975 ||| Stepping ~*~*~tactically~*~*~ (outnumbered).
 17986 | D:14     | Killed Frances
 18051 | D:14     | Found a transporter.
 18292 | D:14     | 18292 ||| INVOKING Heroism.
 18322 | D:14     | 18322 ||| Stepping ~*~*~tactically~*~*~ (retreating).
 18357 | D:14     | 18357 ||| INVOKING Heroism.
 18358 | D:14     | 18358 ||| Stepping ~*~*~tactically~*~*~ (outnumbered).
 18385 | D:14     | Identified the +4 plate armour "Soekhen" {rN+ Dex+3}
                  | (Okawaru gifted it to you on level 14 of the Dungeon)
 18385 | D:14     | Received a gift from Okawaru
 18386 | D:14     | Reached skill level 17 in Ranged Weapons
 18393 | D:14     | 18393 ||| DRINKING 6 potions of curing.
 18393 | D:14     | 18393 ||| (to cure confusion)
 18543 | D:14     | Found a transporter.
 18561 | D:14     | Found a transporter.
 18938 | D:14     | 18938 ||| INVOKING Heroism.
 19069 | D:14     | Found a transporter.
 19088 | D:14     | 19088 ||| SWAPPING to +0 longbow.
 19089 | D:14     | 19089 ||| DROPPING +0 arbalest of freezing.
 19154 | D:14     | Found a gate to the Vaults.
 19165 | D:14     | 19165 ||| INVOKING Heroism.
 19294 | D:15     | Entered Level 15 of the Dungeon
 19349 | D:15     | 19349 ||| READING scroll of enchant armour.
 19349 | D:15     | 19349 ||| ENCHANTING +0 pair of boots.
 19371 | D:15     | 19371 ||| INVOKING Heroism.
 19493 | D:15     | 19493 ||| Stepping ~*~*~tactically~*~*~ (outnumbered).
 19495 | D:15     | 19495 ||| Stepping ~*~*~tactically~*~*~ (outnumbered).
 19498 | D:15     | 19498 ||| Stepping ~*~*~tactically~*~*~ (outnumbered).
 19499 | D:15     | 19499 ||| Stepping ~*~*~tactically~*~*~ (outnumbered).
 19595 | D:15     | 19595 ||| RETREATING.
 19600 | D:15     | 19600 ||| INVOKING Heroism.
 19622 | D:15     | 19622 ||| INVOKING Heroism.
 19627 | D:15     | Reached skill level 18 in Ranged Weapons
 19860 | D:15     | 19860 ||| RETREATING.
 19923 | D:15     | 19923 ||| DRINKING 5 potions of curing.
 19923 | D:15     | 19923 ||| (to cure confusion)
 19928 | D:15     | Reached XP level 16. HP: 110/110 MP: 23/23
 19928 | D:15     | 19928 ||| Stepping ~*~*~tactically~*~*~ (outnumbered).
 19930 | D:15     | 19930 ||| Stepping ~*~*~tactically~*~*~ (outnumbered).
 19932 | D:15     | 19932 ||| INVOKING Finesse.
 19965 | D:15     | Found a staircase to the Depths.
 20013 | D:15     | 20013 ||| INVOKING Heroism.
 20065 | D:15     | 20065 ||| INVOKING Heroism.
 20155 | D:15     | Found a runed translucent door.
 20156 | D:15     | Noticed Ruat's ghost (adept DECj)
 20157 | D:15     | Identified the +5 spear of the Vendetta {drain, rN++ Int+3}
 20247 | D:15     | Found Viodwun's Weapon Shoppe.
 20257 | D:15     | 20257 ||| Stepping ~*~*~tactically~*~*~ (outnumbered).
 20259 | D:15     | 20259 ||| INVOKING Heroism.
 20434 | D:15     | 20434 ||| PLANNING ORC
 20434 | D:15     | 20434 ||| DROPPING ring of willpower.
 20594 | Orc:1    | Entered Level 1 of the Orcish Mines
 20595 | Orc:1    | 20595 ||| INVOKING Heroism.
 20599 | Orc:1    | 20599 ||| STAIRDANCE
 20610 | Orc:1    | 20610 ||| STAIRDANCE
 20624 | Orc:1    | 20624 ||| STAIRDANCE
 20654 | Orc:1    | Noticed Nergalle
 20671 | Orc:1    | Killed Nergalle
 20930 | Orc:2    | Entered Level 2 of the Orcish Mines
 20940 | Orc:2    | 20940 ||| Stepping ~*~*~tactically~*~*~ (outnumbered).
 20956 | Orc:2    | Reached skill level 19 in Ranged Weapons
 20956 | Orc:2    | 20956 ||| DRINKING 4 potions of curing.
 20956 | Orc:2    | 20956 ||| (to cure confusion)
 20990 | Orc:2    | 20990 ||| FLEEEEING.
 20991 | Orc:2    | 20991 ||| FLEEEEING.
 20994 | Orc:2    | 20994 ||| STAIRDANCE
 21141 | Orc:2    | Found a staircase to the Elven Halls.
 21161 | Orc:2    | 21161 ||| INVOKING Heroism.
 21165 | Orc:2    | 21165 ||| DRINKING 3 potions of curing.
 21165 | Orc:2    | 21165 ||| (to cure confusion)
 21204 | Orc:2    | 21204 ||| Stepping ~*~*~tactically~*~*~ (outnumbered).
 21206 | Orc:2    | 21206 ||| DRINKING 2 potions of curing.
 21206 | Orc:2    | 21206 ||| (to cure confusion)
 21339 | Orc:2    | 21339 ||| INVOKING Heroism.
 21533 | Orc:2    | 21533 ||| INVOKING Heroism.
 21539 | Orc:2    | 21539 ||| Stepping ~*~*~tactically~*~*~ (retreating).
 21540 | Orc:2    | 21540 ||| Stepping ~*~*~tactically~*~*~ (outnumbered).
 21541 | Orc:2    | 21541 ||| Stepping ~*~*~tactically~*~*~ (retreating).
 21548 | Orc:2    | 21548 ||| Stepping ~*~*~tactically~*~*~ (retreating).
 21549 | Orc:2    | 21549 ||| Stepping ~*~*~tactically~*~*~ (retreating).
 21550 | Orc:2    | 21550 ||| Stepping ~*~*~tactically~*~*~ (retreating).
 21551 | Orc:2    | 21551 ||| Stepping ~*~*~tactically~*~*~ (retreating).
 21552 | Orc:2    | 21552 ||| Stepping ~*~*~tactically~*~*~ (retreating).
 21553 | Orc:2    | 21553 ||| Stepping ~*~*~tactically~*~*~ (retreating).
 21554 | Orc:2    | 21554 ||| Stepping ~*~*~tactically~*~*~ (retreating).
 21555 | Orc:2    | 21555 ||| Stepping ~*~*~tactically~*~*~ (retreating).
 21556 | Orc:2    | 21556 ||| Stepping ~*~*~tactically~*~*~ (retreating).
 21557 | Orc:2    | 21557 ||| Stepping ~*~*~tactically~*~*~ (retreating).
 21561 | Orc:2    | 21561 ||| Stepping ~*~*~tactically~*~*~ (outnumbered).
 21563 | Orc:2    | 21563 ||| Stepping ~*~*~tactically~*~*~ (outnumbered).
 21568 | Orc:2    | 21568 ||| RETREATING.
 21607 | Orc:2    | 21607 ||| INVOKING Heroism.
 21625 | Orc:2    | 21625 ||| Stepping ~*~*~tactically~*~*~ (outnumbered).
 21628 | Orc:2    | 21628 ||| Stepping ~*~*~tactically~*~*~ (outnumbered).
 21689 | Orc:2    | 21689 ||| INVOKING Heroism.
 21704 | Orc:2    | Found Gaogex's Magic Scroll Shop.
 21704 | Orc:2    | Found Socov's Weapon Shoppe.
 21706 | Orc:2    | Found Rocouz's Antique Armour Shop.
 21706 | Orc:2    | Found Ynitti's Assorted Antiques.
 21712 | Orc:2    | 21712 ||| BUYING 3 scrolls of enchant armour (360 gold).
 21712 | Orc:2    | Bought 3 scrolls of enchant armour for 360 gold pieces
 21712 | Orc:2    | 21712 ||| BUYING scroll of identify (32 gold).
 21712 | Orc:2    | Bought a scroll of identify for 32 gold pieces
 21712 | Orc:2    | 21712 ||| BUYING scroll of identify (32 gold).
 21712 | Orc:2    | Bought a scroll of identify for 32 gold pieces
 21712 | Orc:2    | 21712 ||| BUYING scroll of identify (32 gold).
 21712 | Orc:2    | Bought a scroll of identify for 32 gold pieces
 21712 | Orc:2    | 21712 ||| READING 3 scrolls of enchant armour.
 21712 | Orc:2    | 21712 ||| ENCHANTING +1 pair of boots.
 21716 | Orc:2    | 21716 ||| BUYING glowing ring mail (245 gold).
 21716 | Orc:2    | Bought a glowing ring mail for 245 gold pieces
 21717 | Orc:2    | 21717 ||| BUYING glowing scarf (216 gold).
 21717 | Orc:2    | Bought a glowing scarf for 216 gold pieces
 21717 | Orc:2    | 21717 ||| BUYING potion of curing (81 gold).
 21717 | Orc:2    | Bought a potion of curing for 81 gold pieces
 21717 | Orc:2    | 21717 ||| BUYING scroll of teleportation (81 gold).
 21717 | Orc:2    | Bought a scroll of teleportation for 81 gold pieces
 21759 | Orc:2    | 21759 ||| PLANNING SPIDER:1-3
 21759 | Orc:2    | 21759 ||| UPGRADING to scarf of resistance.
 21925 | Spider:1 | Entered Level 1 of the Spider Nest
 21926 | Spider:1 | 21926 ||| RETREATING.
 21935 | Spider:1 | 21935 ||| INVOKING Heroism.
 21947 | Spider:1 | HP: 27/110 [redback (3)]
 21948 | Spider:1 | 21948 ||| READING 6 scrolls of teleportation.
 21949 | Spider:1 | 21949 ||| DRINKING potion of heal wounds.
 21968 | Spider:1 | HP: 27/110 [demonic crawler (8)]
 21969 | Spider:1 | 21969 ||| READING 5 scrolls of teleportation.
 21974 | Spider:1 | 21974 ||| READING 4 scrolls of teleportation.
 21975 | Spider:1 | 21975 ||| Stepping ~*~*~tactically~*~*~ (retreating).
 21975 | Spider:1 | Noticed Azrael
 21976 | Spider:1 | 21976 ||| Stepping ~*~*~tactically~*~*~ (retreating).
 21976 | Spider:1 | HP: 19/110 [demonic crawler (5)]
 21980 | Spider:1 | 21980 ||| READING 3 scrolls of teleportation.
 21985 | Spider:1 | 21985 ||| READING 2 scrolls of teleportation.
 21987 | Spider:1 | Killed from afar by Azrael

Levels and vault maps discovered:
D:1:      tarquinn_simple_flora_water_d, layout_loops_ring, serial_shops,
          nicolae_shop_tiny_glass, hellmonk_ecumenical_altar_crossroads,
          wad_floor_pattern_1
D:2:      layout_loops_cross, uniq_robin
D:3:      cheibrodos_thug_alley, layout_basic, grunt_dithmenos_smoke,
          hellmonk_okawaru_the_only_friend_you_need, serial_co_window_serial,
          co_window_paths_b, co_window_paths_a, co_window_cross_1,
          co_window_corner_a, co_window_paths_a, co_window_corner_a,
          co_window_cross_1, co_window_paths_a, co_window_of_opportunity_a,
          co_window_corner_cb, co_window_of_opportunity_c, co_window_2corner,
          co_window_of_opportunity_c, co_window_4corner_b, uniq_natasha
D:4:      layout_loops_ring, kennysheep_slug_shrine, gup_sewer_entry_bubbles,
          serial_undead, serial_undead_c, serial_undead_e, serial_undead_d,
          serial_undead_c, serial_undead_e, serial_undead_e, serial_undead_c,
          kennysheep_generic_room_9, uniq_grinder, uniq_pikel, uniq_duvessa,
          uniq_ijyb, uniq_eustachio, uniq_menkaure
D:5:      layout_loops_ring, fedhas_altar_1, mainiacjoe_overflow_cross_hatched,
          uniq_edmund
D:6:      layout_layer_cave, mainiacjoe_overflow_small_starburst,
          minmay_temple_entry_offerings, minivault_10, nicolae_shop_gadgets,
          uniq_jeremiah
D:7:      layout_cave_pods, nicolae_kikubaaqudgha_miasma_corner
D:8:      layout_loops_cross, serial_glass, glass_columns_c, glass_columns_a,
          glass_columns_a, glass_columns_c, amcnicky_mini_pool_small, uniq_grum
D:9:      layout_gridville, orc_0_dummy, grunt_livestock, st_stairs_5,
          minmay_puff
D:10:     layout_cross, lemuel_round_altar, uniq_urug, uniq_fannar, uniq_erica
D:11:     layout_basic, minmay_lair_entry_grove, serial_aquarium,
          aquarium_bridge_square [aquarium_subvault_window,
          aquarium_subvault_bridge, aquarium_subvault_bridge,
          aquarium_subvault_wall], aquarium_window_corner, aquarium_window_fake,
          aquarium_window_fake, aquarium_window_2, aquarium_view_4,
          aquarium_view_2d, aquarium_balcony_3a, aquarium_pool_five,
          nicolae_uskayaw_dance_studio
D:12:     layout_roguey, pond
D:13:     layout_basic
D:14:     layout_layer_cave, grunt_vaults_entry_fortified,
          hangedman_decor_growths, nicolae_transporter_intersection,
          uniq_frances
D:15:     gammafunk_enter_depths_forms, layout_basic,
          ebering_ghost_funeral_grove, serial_shops, shop
Lair:1:   layout_regular_city, gammafunk_ghost_abyssal_escape, evilmike_ambush
          [evilmike_ambush_outer_pillars, evilmike_ambush_inner_basic],
          uniq_maggie
Lair:2:   layout_gridlike, skrybe_swamp_entry_bodies,
          hellmonk_spider_entry_not_the_bees, minmay_lindwurm_lava
Lair:3:   layout_regular_city, gauntlet_entry_generic
Lair:4:   layout_cave_pods
Lair:5:   minmay_lair_end_enchanted_forest, layout_gridlike,
          minmay_slime_entry_jelly_boxes, grunt_megastairs_1
Spider:1: layout_spider_delve, uniq_azrael, uniq_mlioglotl, uniq_louise
Orc:1:    layout_caves, uniq_nergalle
Orc:2:    grunt_orc_tribal_feast, layout_diamond_mine

Skill      XL: |  1  2  3  4  5  6  7  8  9 10 11 12 13 14 15 16 |
---------------+-------------------------------------------------+-----
Ranged Weapons | 5 6 7 9 11 13 15 16 18 19 | 19.6
Armour         | 1 2 3 6 |  6.0
Fighting       | 3 4 6 8 9 10 13 15 16 | 16.0
Dodging        | 2 3 4 5 8 10 | 10.5
Invocations    | 2 4 5 9 10 | 10.1
Stealth        | |  1.1

Action                     |  1- 3 |  4- 6 |  7- 9 | 10-12 | 13-15 | 16-18 || total
---------------------------+-------+-------+-------+-------+-------+-------++-------
   Fire: Shortbow          |   122 |   261 |   328 |       |       |       ||   711
         Orcbow            |       |       |   120 |   620 |   803 |       ||  1543
         Arbalest          |       |       |       |       |   166 |       ||   166
         Longbow           |       |       |       |       |   151 |   373 ||   524
 Invoke: Heroism           |       |       |    16 |    22 |    34 |    10 ||    82
         Finesse           |       |       |       |     1 |     4 |     1 ||     6
    Use: Scroll            |     1 |     9 |     9 |     5 |     9 |     6 ||    39
         Potion            |       |     1 |     2 |     2 |     6 |     4 ||    15
 Armour: Leather armour    |    15 |       |       |       |   209 |   103 ||   327
         Ring mail         |    31 |   141 |    42 |       |       |       ||   214
         Troll leather arm |       |       |    97 |   200 |    48 |       ||   345
  Dodge: Dodged            |    41 |   149 |   245 |   353 |   679 |   311 ||  1778
         Repelled          |       |       |       |       |     8 |       ||     8

Table legend:
 A = Non-vault XP
 B = Vault XP
 C = Vault XP percentage of total XP
 D = Non-vault monster count
 E = Vault monster count
 F = Vault count percentage of total count
                 A         B        C        D         E       F
            +---------+---------+-------+---------+---------+-------
      Total |  100023 |   49750 |  33.2 |     486 |     228 |  31.9
            +---------+---------+-------+---------+---------+-------
        D:1 |      39 |       0 |   0.0 |      25 |       0 |   0.0
        D:2 |      65 |      36 |  35.6 |      21 |      12 |  36.4
        D:3 |     169 |     254 |  60.0 |      19 |      13 |  40.6
        D:4 |     217 |    1419 |  86.7 |      10 |      25 |  71.4
        D:5 |     576 |     171 |  22.9 |      15 |       1 |   6.2
        D:6 |     934 |     400 |  30.0 |      23 |       1 |   4.2
        D:7 |     504 |       0 |   0.0 |      14 |       0 |   0.0
        D:8 |     840 |     410 |  32.8 |      11 |       3 |  21.4
        D:9 |    2909 |    1798 |  38.2 |      24 |      12 |  33.3
       D:10 |    2470 |    2515 |  50.5 |      10 |       3 |  23.1
       D:11 |    2403 |    2316 |  49.1 |      13 |      17 |  56.7
       D:12 |    5714 |     204 |   3.4 |      22 |       4 |  15.4
       D:13 |    9976 |       0 |   0.0 |      26 |       0 |   0.0
       D:14 |    8199 |    8939 |  52.2 |      25 |      11 |  30.6
       D:15 |   15589 |    4813 |  23.6 |      30 |       9 |  23.1
     Lair:1 |    3789 |    1127 |  22.9 |      14 |       3 |  17.6
     Lair:2 |    3924 |    4795 |  55.0 |      16 |      14 |  46.7
     Lair:3 |    6320 |       0 |   0.0 |      31 |       0 |   0.0
     Lair:4 |    6655 |       0 |   0.0 |      20 |       0 |   0.0
     Lair:5 |   23264 |   10522 |  31.1 |      61 |      63 |  50.8
   Spider:1 |    1398 |     154 |   9.9 |       4 |       1 |  20.0
      Orc:1 |     945 |     775 |  45.1 |      17 |       1 |   5.6
      Orc:2 |    3124 |    7378 |  70.3 |      35 |      30 |  46.2
      Sewer |       0 |     144 | 100.0 |       0 |       2 | 100.0
   Gauntlet |       0 |    1580 | 100.0 |       0 |       3 | 100.0
            +---------+---------+-------+---------+---------+-------
